 Dungeon Crawl Stone Soup version 0.22-a0-799-g88f5e90 (webtiles) character file.

1270 Amnesiac the Magician (level 8, -6/52 HPs)
             Began as a Mummy Earth Elementalist on July 21, 2018.
             Was an Initiate of Gozag.
             Mangled by Prince Ribbit (11 damage)
             ... on level 6 of the Dungeon.
             The game lasted 00:07:17 (5711 turns).

Amnesiac the Magician (Mummy Earth Elementalist)    Turns: 5711, Time: 00:07:18

Health: -6/52      AC:  3    Str: 11    XL:     8   Next: 28%
Magic:  14/19      EV: 12    Int: 16    God:    Gozag
Gold:   680        SH:  0    Dex: 13    Spells: 6/21 levels left

rFire    x . .     SeeInvis .   e - +1 whip (elec)
rCold    + . .     Gourm    .   (no shield)
rNeg     + + +     Faith    .   c - +0 robe
rPois    ∞         Spirit   .   (no helmet)
rElec    .         Reflect  .   (no cloak)
rCorr    .         Harm     .   i - +0 pair of gloves
MR       +....                  (no boots)
Stlth    ++........             (no amulet)
HPRegen  0.17/turn              (no ring)
MPRegen  0.16/turn              (no ring)

@: gold aura
A: no food or potions, fire vulnerability, cold resistance 1, negative energy
resistance 3, torment resistance, unbreathing
a: Potion Petition, Call Merchant, Bribe Branch, Renounce Religion


You were on level 6 of the Dungeon.
You worshipped Gozag.
Gozag was pleased with you.
You were not hungry.

You visited 2 branches of the dungeon, and saw 7 of its levels.

You collected 736 gold pieces.
You paid 56 gold pieces to Gozag.

Inventory:

Hand Weapons
 e - a +1 whip of electrocution (weapon)
Missiles
 b - 116 stones (quivered)
Armour
 c - a +0 robe (worn)
 i - a +0 pair of gloves (worn)
 k - a +0 large shield
Wands
 a - a wand of enslavement (7)
 l - a wand of polymorph (10)
Scrolls
 d - 2 scrolls of amnesia {!r}
 f - 3 scrolls of teleportation {!r}
 g - 2 scrolls of identify {!r}
 h - 2 scrolls of remove curse {!r}
 j - a scroll of blinking {!r}


   Skills:
 - Level 1.5 Dodging
 - Level 1.5 Stealth
 + Level 7.4 Spellcasting
 - Level 0.7 Transmutations
 * Level 7.3 Earth Magic


You had 6 spell levels left.
You knew the following spells:

 Your Spells              Type           Power        Failure   Level  Hunger
a - Sandblast             Erth           ####..       1%          1    N/A
b - Passwall              Tmut/Erth      ###.....     3%          2    N/A
c - Stone Arrow           Conj/Erth      ###...       8%          3    N/A
d - Lee's Rapid Deconstr  Erth           ####......   16%         5    N/A
e - Petrify               Tmut/Erth      ###.....     22%         4    N/A

Your spell library contained the following spells:

 Spells                   Type           Power        Failure   Level  Hunger
 Confuse                  Hex            #.......     34%         3    N/A
 Confusing Touch          Hex            #.....       12%         1    N/A
 Metabolic Englaciation   Hex/Ice        #.........   97%         5    N/A
 Gell's Gravitas          Tloc           #.........   34%         3    N/A
 Yara's Violent Unravell  Hex/Tmut       #.........   96%         5    N/A

Dungeon Overview and Level Annotations

Branches:
Dungeon (6/15)             Temple (1/1) D:5

Altars:
Ashenzari
Cheibriados
Dithmenos
Elyvilon
Fedhas
Gozag
Kikubaaqudgha
Makhleb
Nemelex Xobeh
Okawaru
Ru
Sif Muna
Trog
Uskayaw
Vehumet
Wu Jian
Xom
Yredelemnul
Zin
The Shining One

Shops:
D:5 }

Annotations:
D:6 Prince Ribbit


Innate Abilities, Weirdness & Mutations

You do not eat or drink.
Your flesh is vulnerable to fire.
You are immune to poison.
Your flesh is cold resistant. (rC+)
You are immune to negative energy. (rN+++)
You are immune to unholy pain and torment.
You can survive without breathing.


Message History

You now have 654 gold pieces (gained 5).
b - 116 stones (gained 1)
A quokka comes into view.
A quokka is nearby!
You see here 9 gold pieces.
You now have 663 gold pieces (gained 9).
The quokka is distracted by your gold.
You barely miss the quokka.
The quokka is no longer distracted by gold.
The quokka barely misses you.
The quokka bites you but does no damage.
You closely miss the quokka. The quokka bites you.
* * * LOW HITPOINT WARNING * * *
You barely miss the quokka. The quokka completely misses you.
You barely miss the quokka. The quokka is distracted by your gold.
You catch the helpless quokka completely off-guard!
You hit the quokka. Lightning courses through the quokka!
You kill the quokka!
No target in view!
No target in view!
No target in view!
You now have 667 gold pieces (gained 4).
You hear the rusting of a very distant drain.
Found a glowing golden altar of the Shining One.
Your magical contamination has completely faded away.
You now have 680 gold pieces (gained 13).
A gnoll comes into view.
A gnoll is nearby!
The gnoll shouts!
A gnoll comes into view. It is wielding a flail.
A gnoll comes into view. It is wielding a flail.
The gnoll hits you but does no damage.
Prince Ribbit comes into view.
Prince Ribbit croaks.
The gnoll shouts! x2
You hit the gnoll. Lightning courses through the gnoll!
The gnoll is almost dead.
The gnoll completely misses you. The gnoll closely misses you.
The gnoll hits you with a flail. The gnoll blocks your attack.
The gnoll is almost dead.
The gnoll misses you.
You hit the gnoll.
You kill the gnoll!
The gnoll hits you with a flail!
* * * LOW HITPOINT WARNING * * *
The gnoll hits you with a flail.
* * * LOW HITPOINT WARNING * * *
The gnoll hits you with a flail.
* * * LOW HITPOINT WARNING * * *
Prince Ribbit blinks!
The gnoll hits you with a flail.
* * * LOW HITPOINT WARNING * * *
The gnoll closely misses you.
Okay, then.
The gnoll closely misses you.
Prince Ribbit lets out a mournful croak.
The gnoll is distracted by the nearby gold.
The gnoll hits you with a flail.
* * * LOW HITPOINT WARNING * * *
You hear the brisk rusting of a very distant drain.
The gnoll is no longer distracted by gold.
Prince Ribbit hits you!
You die...
Your body crumbles into a pile of gold.

####.#...#......
#....).....#...#
#......$........
#..........#...#
##..........#...#
#.g.........#...#
#.g.#########...#
##########F..# #...#
#........@#### #...#
#.........# #...#
#.........# #...#
#.........# ###### #######
#.........# #....# #....#
#.........###.##.# #....#
#..............#.###...!##
#######........#.##.......
#########
#..#####.#.##.....##


You could see Prince Ribbit and 2 gnolls.

Vanquished Creatures
  Grinder (D:4)
  A phantom (D:4)
  An ogre (D:6)
  A centaur (D:6)
  3 killer bees (D:6)
  A howler monkey (D:6)
  A bullfrog zombie (D:6)
  2 crimson imps (D:6)
  5 hounds
  A bullfrog skeleton (D:4)
  An orc wizard (D:3)
  Jessica (D:3)
  4 worker ants
  A howler monkey zombie (D:5)
  2 worker ant zombies (D:5)
  A gnoll (D:6)
  6 adders
  A shadow imp (D:6)
  2 oozes
  An adder zombie (D:5)
  3 worms
  4 dart slugs
  5 leopard geckos
  13 orcs
  3 giant cockroaches
  5 goblins
  9 hobgoblins
  16 jackals
  6 kobolds
  2 quokkas
  2 ball pythons
  5 bats
  5 frilled lizards
  A giant cockroach zombie (D:6)
  A leopard gecko skeleton (D:4)
  A quokka skeleton (D:4)
  6 rats
124 creatures vanquished.

Vanquished Creatures (others)
  An iguana (D:6)
1 creature vanquished.

Grand Total: 125 creatures vanquished

Notes
Turn   | Place    | Note
-------+----------+-------------------------------------------
     0 | D:1      | Amnesiac the Mummy Earth Elementalist began the quest for the Orb.
     0 | D:1      | Reached XP level 1. HP: 13/13 MP: 4/4
   510 | D:3      | Noticed Jessica
   622 | D:3      | Killed Jessica
   622 | D:3      | Reached XP level 2. HP: 19/19 MP: 0/6
   622 | D:3      | Reached XP level 3. HP: 24/24 MP: 0/7
   626 | D:3      | Learned a level 2 spell: Passwall
   630 | D:3      | Learned a level 3 spell: Stone Arrow
   927 | D:4      | Reached XP level 4. HP: 7/30 MP: 2/9
  1156 | D:4      | Learned a level 4 spell: Petrify
  1313 | D:4      | Reached XP level 5. HP: 20/35 MP: 8/11
  1679 | D:4      | Noticed Grinder
  1696 | D:4      | Killed Grinder
  1696 | D:4      | Reached skill level 5 in Spellcasting
  1696 | D:4      | Reached skill level 5 in Earth Magic
  1696 | D:4      | Reached XP level 6. HP: 24/41 MP: 1/13
  1807 | D:4      | Learned a level 5 spell: Lee's Rapid Deconstruction
  2155 | D:4      | Reached XP level 7. HP: 39/46 MP: 11/15
  2412 | D:5      | Entered Level 5 of the Dungeon
  2566 | D:5      | Found Noofei's Gadget Shoppe.
  2622 | D:5      | Found a staircase to the Ecumenical Temple.
  2630 | Temple   | Entered the Ecumenical Temple
  2948 | Temple   | Became a worshipper of Gozag Ym Sagoz the Greedy
  3162 | D:1      | Found a shimmering altar of Xom.
  5166 | D:5      | Found a shadowy altar of Dithmenos.
  5517 | D:6      | Found a radiant altar of Vehumet.
  5518 | D:6      | Found a snail-covered altar of Cheibriados.
  5549 | D:6      | Reached XP level 8. HP: 39/52 MP: 1/18
  5661 | D:6      | Found a glowing golden altar of the Shining One.
  5697 | D:6      | Noticed Prince Ribbit
  5711 | D:6      | Mangled by Prince Ribbit

Vault maps used:
D:1:      ncdulo_smallfort, serial_co_window_serial, co_window_of_opportunity_a,
          co_window_corner_a, co_window_paths_b, co_window_paths_a,
          co_window_paths_a, co_window_of_opportunity_c, co_window_corner_ca,
          co_window_broadway_b, co_window_corner_cb, co_window_corner_b,
          co_window_corner_b, co_window_paths_d, glass_columns_c,
          glass_columns_a, kennysheep_flooded_box
D:2:      first_ration
D:3:      uniq_jessica
D:4:      uniq_grinder
D:5:      minmay_temple_entry_grid, serial_shops, shop, grunt_dithmenos_smoke
D:6:      overflow_temple_1_default, chequers_temple_overflow_statue_of_worship,
          portal_sewer_entry_e, uniq_prince_ribbit1
Temple:   minmay_temple_bridge_d

Skill      XL: |  1  2  3  4  5  6  7  8 |
---------------+-------------------------+-----
Spellcasting   | 3 4 5 6 7 |  7.4
Earth Magic    | 3 4 5 6 7 |  7.3
Dodging        | |  1.5
Stealth        | |  1.5
Transmutations | |  0.7

Action                   |  1- 3 |  4- 6 |  7- 9 || total
-------------------------+-------+-------+-------++-------
Melee: Unarmed           |     6 |       |       ||     6
       Hand axe          |    10 |       |       ||    10
       Whip              |    17 |    37 |   263 ||   317
Throw: Stone             |       |       |     1 ||     1
 Cast: Sandblast         |    24 |    28 |    15 ||    67
       Passwall          |       |       |     4 ||     4
       Lee's Rapid Decon |       |       |     3 ||     3
Invok: Potion Petition   |       |       |     1 ||     1
Evoke: Wand              |       |       |     1 ||     1
  Use: Scroll            |       |       |     5 ||     5
 Stab: Sleeping          |     1 |     2 |    11 ||    14
       Distracted        |       |       |     2 ||     2
Armor: Robe              |     9 |     8 |    61 ||    78
Dodge: Dodged            |    35 |    28 |   203 ||   266

Table legend:
 A = Spawn XP
 B = Non-spawn XP
 C = Spawn XP percentage of total XP
 D = Spawn monster count
 E = Non-spawn monster count
 F = Spawn count percentage of total count
 G = Total turns spent on level
                    A         B        C        D         E        F      G
               +---------+---------+-------+---------+---------+-------+---------
         Total |       0 |    1815 |   0.0 |       0 |     124 |   0.0 |  5711
               +---------+---------+-------+---------+---------+-------+---------
           D:1 |       0 |      41 |   0.0 |       0 |      21 |   0.0 |  1276
           D:2 |       0 |      62 |   0.0 |       0 |      26 |   0.0 |   687
           D:3 |       0 |     165 |   0.0 |       0 |      29 |   0.0 |   666
           D:4 |       0 |     744 |   0.0 |       0 |      24 |   0.0 |  1576
           D:5 |       0 |     122 |   0.0 |       0 |       9 |   0.0 |   864
           D:6 |       0 |     681 |   0.0 |       0 |      15 |   0.0 |   264
               +---------+---------+-------+---------+---------+-------+---------
